 Dungeon Crawl Stone Soup version 0.28.0-43-g3370ac3207 (webtiles) character file.

Game seed: 16683277080788693089

501 smarlow the Conjurer (level 7, -1/51 HPs)
             Began as a Human Conjurer on Mar 15, 2022.
             Slain by a water moccasin (5 damage)
             ... on level 5 of the Dungeon.
             The game lasted 00:12:01 (5961 turns).

smarlow the Conjurer (Human Conjurer)               Turns: 5961, Time: 00:12:02

Health: -1/51      AC:  4    Str:  8    XL:     7   Next: 40%
Magic:  1/13       EV: 12    Int: 20    God:
Gold:   274        SH:  0    Dex: 11    Spells: 4/14 levels left

rFire   . . .      SeeInvis .   (no weapon)
rCold   . . .      Faith    .   (no shield)
rNeg    . . .      Spirit   .   m - +1 robe of Jyiwyo {rElec Will+ Regen+}
rPois   .          Reflect  .   (no helmet)
rElec   +          Harm     .   j - +0 cloak
rCorr   .          Rampage  .   (no gloves)
Will    +....                   (no boots)
Stlth   +++.......              (no amulet)
HPRegen 0.97/turn               (no ring)
MPRegen 0.13/turn               (no ring)

@: lethally poisoned (-1 -> -7), about to teleport, very slightly contaminated
A: camouflage 1
a: no special abilities


You were on level 5 of the Dungeon.
You visited 1 branch of the dungeon, and saw 5 of its levels.

You collected 274 gold pieces.

Inventory:

Armour
 a - a +0 robe
 j - a +0 cloak (worn)
 m - the +1 robe of Jyiwyo (worn) {rElec Will+ Regen+}
   (You found it on level 3 of the Dungeon)

   rElec:     It insulates you from electricity.
   Regen:     It increases your rate of health regeneration.
   Will:      It increases your willpower.
Jewellery
 d - a ring of magical power
 h - a +6 ring of strength
Wands
 k - a wand of iceblast (12)
Scrolls
 b - 4 scrolls of immolation
 c - 2 scrolls of fear
 l - a scroll of vulnerability
 p - a scroll of identify
Potions
 e - a potion of lignification
 g - a potion of flight
 i - a potion of resistance
 n - a potion of might
 o - a potion of berserk rage


   Skills:
 + Level 2.4 Fighting
 + Level 3.5 Dodging
 + Level 3.7 Stealth
 * Level 4.3 Spellcasting
 + Level 5.0 Conjurations


You had 4 spell levels left.
You knew the following spells:

 Your Spells              Type           Power      Damage    Failure   Level
a - Magic Dart            Conj           96%        1d7       1%          1
b - Searing Ray           Conj           48%        2d6       2%          2
c - Dazzling Flash        Conj/Hex       28%        N/A       13%         3
d - Fulminant Prism       Conj/Hex       7%         3d7       41%         4

Your spell library contained the following spells:

 Spells                   Type           Power      Damage    Failure   Level
 Conjure Flame            Conj/Fire      14%        6-21      13%         3
 Ensorcelled Hibernation  Hex/Ice        8%         N/A       19%         2
 Passwall                 Tmut/Erth      3%         N/A       19%         2
 Mephitic Cloud           Conj/Pois/Air  11%        N/A       19%         3
 Ignite Poison            Fire/Tmut/Pois 4%         N/A       36%         3
 Swiftness                Air            4%         N/A       36%         3
 Iskenderun's Mystic Bla  Conj/Tloc      14%        2d5       41%         4
 Sticky Flame             Conj/Fire      14%        2d4       41%         4
 Freezing Cloud           Conj/Ice/Air   5%         6-21      86%         5


Dungeon Overview and Level Annotations

Branches:
Dungeon (5/15)
 Temple: D:4-7

Altars:

Shops:
D:5 :

Annotations:
D:4 Sigmund
D:5 Edmund, Eustachio, Prince Ribbit


Innate Abilities, Weirdness & Mutations

Your skin changes colour to match your surroundings (Stealth+).


Message History

The water moccasin poisons you!
The searing ray misses the water moccasin.
You feel very sick. The water moccasin barely misses you.
The water moccasin bites you but does no damage.
The searing ray hits the water moccasin!
The water moccasin is severely wounded.
You feel very sick. The water moccasin barely misses you.
The water moccasin bites you but does no damage.
The searing ray hits the water moccasin.
The water moccasin is severely wounded.
You finish channelling your searing ray.
You feel yourself speed up.
You feel very sick. The water moccasin bites you.
You are more poisoned.
The water moccasin poisons you! The water moccasin bites you.
You feel very sick.
The water moccasin completely misses you.
You feel very sick.
You feel very sick. The water moccasin bites you.
Casting: Searing Ray (safe; 2% risk of failure)
Confirm with . or Enter, or press ? or * to list all spells.
Okay, then.
Okay, then.
As you read the scroll of teleportation, it crumbles to dust.
You feel strangely unstable.
You feel sick. The water moccasin bites you.
* * * LOW HITPOINT WARNING * * *
You are lethally poisoned!
The water moccasin poisons you!
* * * LOW HITPOINT WARNING * * *
You feel very sick.
It was a potion of mutation.
You feel extremely strange.
Your skin functions as natural camouflage.
* * * LOW HITPOINT WARNING * * *
You feel very sick. The water moccasin bites you.
You die...

......# #.....# ## #.....# #.
#.....# #. #.....# #########.
#.....# #.......#. #.....#
#.......## #....@#######.........
+....S#....##.........
#.....#...............
##########+#.....#.............##
...........+.....+.............##
...........#.....#....##........#
...........#.....#....##........#
...........#)....#F.............#
#..##.###..#.....+....##.......##


You could see a water moccasin.

Vanquished Creatures
  A sky beast (D:5)
  2 jellies (D:3)
  2 hounds
  Ijyb (D:3)
  Natasha (twice) (D:3)
  An iguana (D:4)
  A howler monkey zombie (D:5)
  7 adders
  An ufetubus (D:5)
  3 worms
  6 dart slugs
  3 orcs
  7 bats
  16 endoplasms
  A giant cockroach (D:2)
  2 hobgoblins
  2 jackals (D:1)
  3 quokkas
  3 ball pythons
  4 frilled lizards (D:1)
  4 goblins
  17 kobolds
  6 rats
95 creatures vanquished.

Vanquished Creatures (others)
  A fulminant prism (D:3)
  4 fungi (D:3)
  9 toadstools (D:3)
14 creatures vanquished.

Grand Total: 109 creatures vanquished

Notes
Turn   | Place    | Note
-------+----------+-------------------------------------------
     0 | D:1      | smarlow the Human Conjurer began the quest for the Orb.
     0 | D:1      | Reached XP level 1. HP: 13/13 MP: 3/3
   222 | D:1      | Reached XP level 2. HP: 11/19 MP: 0/5
  1086 | D:1      | Reached XP level 3. HP: 24/24 MP: 4/6
  1410 | D:1      | Learned a level 2 spell: Searing Ray
  1621 | D:1      | Reached XP level 4. HP: 6/31 MP: 1/8
  2119 | D:2      | Found a faded altar of an unknown god.
  2216 | D:2      | Reached skill level 1 in Fighting
  2722 | D:2      | Reached XP level 5. HP: 37/37 MP: 4/9
  3175 | D:3      | Noticed Natasha
  3180 | D:3      | Killed Natasha
  3366 | D:3      | Learned a level 3 spell: Dazzling Flash
  3371 | D:3      | Learned a level 4 spell: Fulminant Prism
  3585 | D:3      | Identified the +1 robe of Jyiwyo {rElec Will+ Regen+}
  3635 | D:3      | Noticed Ijyb
  3674 | D:3      | Killed Ijyb
  3675 | D:3      | Reached XP level 6. HP: 41/43 MP: 1/11
  4282 | D:3      | Noticed Natasha
  4333 | D:3      | Killed Natasha
  4936 | D:4      | Noticed Sigmund
  5113 | D:4      | Reached XP level 7. HP: 49/50 MP: 5/13
  5424 | D:5      | Entered Level 5 of the Dungeon
  5441 | D:5      | Noticed Edmund
  5627 | D:5      | Noticed Eustachio
  5739 | D:5      | Found Forism's Book Shoppe.
  5741 | D:5      | Noticed a water moccasin
  5822 | D:5      | Reached skill level 5 in Conjurations
  5942 | D:5      | Noticed Prince Ribbit
  5961 | D:5      | Gained mutation: Your skin changes colour to match your
                  | surroundings (Stealth+). [potion of mutation]
  5961 | D:5      | Slain by a water moccasin

Illustrated notes

Levels and vault maps discovered:
D:1:      wheals_arrival_shading, layout_basic, serial_rivers,
          chequers_serial_rivers_marsh, chequers_serial_rivers_micro_d,
          chequers_serial_rivers_marsh, chequers_serial_rivers_large_a,
          nrook_uturn, lemuel_another_geyser
D:2:      layout_loops_ring, dreamdust_ecumenical_altar_angels_and_demons,
          kennysheep_generic_room_13
D:3:      cheibrodos_fertilizer, layout_rooms, hex_intersection,
          minmay_checkerbox, uniq_natasha, uniq_ijyb
D:4:      layout_basic, uniq_sigmund
D:5:      layout_gridville, serial_shops, nicolae_shop_statue_plus,
          uniq_grinder, uniq_prince_ribbit1, uniq_eustachio, uniq_edmund

Skill      XL: |  1  2  3  4  5  6  7 |
---------------+----------------------+-----
Fighting       | 1 2 |  2.4
Spellcasting   | 3 4 |  4.3
Stealth        | 3 |  3.7
Dodging        | 3 |  3.5
Conjurations   | 5 |  5.0

Action                   |  1- 3 |  4- 6 |  7- 9 || total
-------------------------+-------+-------+-------++-------
 Cast: Magic Dart        |    50 |   129 |     6 ||   185
       Searing Ray       |     2 |    16 |     6 ||    24
       Fulminant Prism   |       |     1 |       ||     1
  Use: Potion            |       |     3 |     1 ||     4
       Scroll            |       |     5 |     4 ||     9
Armor: Robe              |     7 |    10 |     4 ||    21
Dodge: Dodged            |    27 |    25 |     4 ||    56
